 Dungeon Crawl Stone Soup version 0.31-a0-1616-gbeaec30b81 (webtiles) character file.

Game seed: 3765943915662106870

49 shadizar the Digger (level 3, -2/21 HPs)
             Began as a Gargoyle Earth Elementalist on Jan 10, 2024.
             Slain by Edmund
             ... wielding a +0 dire flail of holy wrath
              (6 damage)
             ... on level 4 of the Dungeon.
             The game lasted 00:04:42 (2830 turns).

shadizar the Digger (Gargoyle Earth Elementalist)   Turns: 2830, Time: 00:04:43

Health: -2/21      AC: 10    Str: 11    XL:     3   Next: 77%
Magic:  6/6        EV: 11    Int: 17    God:
Gold:   203        SH:  0    Dex: 10    Spells: 2/6 levels left

rFire   . . .        g - +0 whip
rCold   . . .        (no shield)
rNeg    + . .        a - +0 robe
rPois   ∞            (no helmet)
rElec   +            (no cloak)
rCorr   .            i - +0 pair of gloves
SInv    .            (no boots)
Will    .....        (no amulet)
Stlth   ++           h - +4 ring of protection
HPRegen 0.23/turn    (no ring)
MPRegen 0.10/turn

%: no passive effects
@: invisible
A: sickness immunity, AC +3, negative energy resistance 1, electricity
resistance, torment resistance 1, petrification resistance
a: no special abilities


You were on level 4 of the Dungeon.
You visited 1 branch of the dungeon, and saw 4 of its levels.

You collected 203 gold pieces.

Inventory:

Hand Weapons
 g - a +0 whip (weapon)
Armour
 a - a +0 robe (worn)
 i - a +0 pair of gloves (worn)
 p - a +0 kite shield
Magical Staves
 n - a staff of fire
Jewellery
 h - a +4 ring of protection (left hand)
Scrolls
 d - a scroll of immolation
 e - a scroll of identify
 f - a scroll of teleportation
 m - a scroll of blinking
Potions
 b - a potion of magic
 c - 2 potions of enlightenment
 l - a potion of brilliance {unknown}
 q - 2 potions of haste
 t - a potion of might


   Skills:
 * Level 2.1 Fighting
 - Level 1.5 Dodging
 - Level 2.1 Stealth
 + Level 2.4 Spellcasting
 + Level 1.9 Conjurations
 + Level 4.0 Earth Magic


You had 2 spell levels left.
You knew the following spells:

 Your Spells              Type           Power      Damage    Failure   Level
a - Sandblast             Erth           30%        2d9       3%          1
b - Stone Arrow           Conj/Erth      24%        3d8       16%         3

Your spell library contained the following spells:

 Spells                   Type           Power      Damage    Failure   Level
 Passwall                 Erth           15%        N/A       11%         3
 Brom's Barrelling Bould  Conj/Erth      12%        2d4       47%         4
 Frozen Ramparts          Ice            4%         1d1       50%         3
 Leda's Liquefaction      Alch/Erth      4%         N/A       63%         4
 Petrify                  Alch/Erth      8%         N/A       63%         4
 Metabolic Englaciation   Hex/Ice        1%         N/A       99%         5


Dungeon Overview and Level Annotations

Branches:
Dungeon (4/15)
 Temple: D:4-7

Altars:

Annotations:
D:3 1 runed translucent door, www54zp's ghost, weakling TrBe
D:4 Edmund


Innate Abilities, Weirdness & Mutations

You are immune to sickness and miasma.
Your stone body is resilient. (AC +3)
You are immune to poison.
You resist negative energy. (rN+)
You are resistant to electric shocks. (rElec)
You are resistant to unholy torment.
You are immune to petrification.


Message History

Edmund hits you but does no damage.
You feel better. Edmund misses you.
Okay, then.
You hit Edmund.
Edmund is heavily wounded.
Edmund hits you with a +0 dire flail of holy wrath.
You catch the helpless Edmund completely off-guard!
You hit Edmund.
Edmund is heavily wounded.
Casting: Sandblast (safe; 3% risk of failure)
Confirm with . or Enter, or press ? or * to list all spells.
Aiming: Sandblast (safe; 3% risk of failure)
Press: ? - help, Shift-Dir - straight line, f/p - Edmund
Aim: Edmund, wielding a +0 dire flail of holy wrath and wearing a +0 scale mail (heavily wounded, unable to see you, 84% to hit)
The blast of sand hits Edmund!
Edmund is severely wounded.
Edmund hits you but does no damage.
Casting: Sandblast (safe; 3% risk of failure)
Confirm with . or Enter, or press ? or * to list all spells.
You don't know that spell.
You catch the helpless Edmund completely off-guard!
You hit Edmund but do no damage.
Edmund is severely wounded.
Edmund closely misses you.
Casting: Sandblast (safe; 3% risk of failure)
Confirm with . or Enter, or press ? or * to list all spells.
Aiming: Sandblast (safe; 3% risk of failure)
Press: ? - help, Shift-Dir - straight line, f/p - Edmund
Aim: Edmund, wielding a +0 dire flail of holy wrath and wearing a +0 scale mail (severely wounded, unable to see you, 84% to hit)
The blast of sand hits Edmund.
Edmund is severely wounded.
Edmund barely misses you.
You barely miss Edmund.
Edmund is severely wounded.
Edmund hits you with a +0 dire flail of holy wrath!
* * * LOW HITPOINT WARNING * * *
Magic courses through your body.
Edmund hits you with a +0 dire flail of holy wrath.
You die...
Edmund says, "That'll show my brother!"

#........## #..#
#....# #..# #..# #..#
#..# .######.###..###
...........>...######
######.#######.#...##
#####.# #......#
#<.@@.# #......#
#.###.# #......# #.#
#.#######.#...## #.#
#............... #.#
#########.##..## #.#
######.###.# ######.#
#...[..# #.# #......#
#.###### #.# #.######
#.# #.#


You could see Edmund (unable to see you).

Vanquished Creatures
  An adder (D:3)
  2 dart slugs
  2 ribbon worms (D:2)
  An orc (D:2)
  3 bats
  3 endoplasms
  A giant cockroach (D:3)
  2 hobgoblins (D:1)
  4 kobolds
  A quokka (D:2)
  2 ball pythons
  A frilled lizard (D:1)
  5 goblins (D:2)
28 creatures vanquished.

Notes
Turn   | Place    | Note
-------+----------+-------------------------------------------
     0 | D:1      | shadizar the Gargoyle Earth Elementalist began the quest
                  | for the Orb.
     0 | D:1      | Reached XP level 1. HP: 10/10 MP: 3/3
   289 | D:1      | Reached skill level 1 in Fighting
   289 | D:1      | Reached XP level 2. HP: 16/16 MP: 0/5
  1137 | D:2      | Reached XP level 3. HP: 20/20 MP: 3/6
  1141 | D:2      | Learned a level 3 spell: Stone Arrow
  1482 | D:2      | Reached skill level 4 in Earth Magic
  1550 | D:3      | Found a faded altar of an unknown god.
  1988 | D:3      | Found a runed translucent door.
  1990 | D:3      | Noticed www54zp's ghost (weakling TrBe)
  2800 | D:4      | Noticed Edmund
  2830 | D:4      | Slain by Edmund

Illustrated notes

Levels and vault maps discovered:
D:1:      dpeg_arrival_pits, layout_basic, minmay_close_crescents
D:2:      layout_loops_ring
D:3:      layout_basic, ebering_ghost_inner_flame, nicolae_ecumenical_pavilion,
          minivault_11, minmay_misc_feat_rows
D:4:      layout_loops_ring, mainiacjoe_overflow_big_doors, uniq_edmund

Skill      XL: |  1  2  3 |
---------------+----------+-----
Fighting       | 1 2 |  2.1
Earth Magic    | 4 |  4.0
Dodging        | |  1.5
Stealth        | |  2.1
Spellcasting   | |  2.4
Conjurations   | |  1.9

Action                     || total
---------------------------++-------
  Melee: Unarmed           ||    11
         Whip              ||    14
   Cast: Sandblast         ||    52
    Use: Scroll            ||    11
         Potion            ||     3
   Stab: Invisible         ||     2
 Armour: Robe              ||    38
  Dodge: Dodged            ||    27

Table legend: (Time is in decaauts)
 A = Elapsed time spent in this place.
 B = Non-inter-level travel time spent in this place.
 C = Inter-level travel time spent in this place.
 D = Time resting spent in this place.
 E = Time spent auto-exploring this place.
 F = Levels seen in this place.
 G = Mean time per level.
                   A        B        C        D        E       F      G
               +--------+--------+--------+--------+--------+-----+--------+
         Total |   2855 |   2767 |     88 |      0 |   2354 |   4 |  713.8 |
       Dungeon |   2855 |   2767 |     88 |      0 |   2354 |   4 |  713.8 |
               +--------+--------+--------+--------+--------+-----+--------+

Top non-repeatable levels by time:
     D:3: 1085 daAuts
     D:2: 955 daAuts
     D:1: 612 daAuts
     D:4: 202 daAuts
